 Dungeon Crawl Stone Soup version 0.26-a0-49-g0e6732e0a6 (webtiles) character file.

Game seed: 11456155816378454933

9 Maedhros the Charlatan (level 2, -4/18 HPs)
             Began as an Octopode Artificer on June 4, 2020.
             Killed from afar by an orc wizard (14 damage)
             ... with a puff of frost
             ... on level 3 of the Dungeon.
             The game lasted 00:00:54 (129 turns).

Maedhros the Charlatan (Octopode Artificer)          Turns: 129, Time: 00:00:55

Health: -4/18      AC:  1    Str: 11    XL:     2   Next: 12%
Magic:  4/4        EV: 13    Int: 13    God:
Gold:   0          SH:  0    Dex: 12    Spells: 1/1 levels left

rFire    . . .     SeeInvis .   a - +0 short sword
rCold    . . .     Gourm    .   (no shield)
rNeg     . . .     Faith    .   (helmet restricted)
rPois    .         Spirit   .   (no amulet)
rElec    .         Reflect  .   e - -4 ring of slaying (curse)
rCorr    .         Harm     .   (no ring)
MR       .....                  (no ring)
Stlth    +++.......             (no ring)
HPRegen  0.06/turn              (no ring)
MPRegen  0.09/turn              (no ring)
                                (no ring)
                                (no ring)

@: no status effects
A: almost no armour, stealthy swim, amphibious, 8 rings, constrict 8, camouflage
1, gelatinous body 1
a: no special abilities


You were on level 3 of the Dungeon.
You were not hungry.

You visited 1 branch of the dungeon, and saw 3 of its levels.

Inventory:

Hand Weapons
 a - a +0 short sword (weapon)
Jewellery
 e - a cursed -4 ring of slaying (left tentacle)
Wands
 b - a wand of flame (15)
 c - a wand of enslavement (15)
 d - a wand of random effects (14)
Scrolls
 g - a scroll of remove curse {unknown}
Potions
 h - a potion of mutation {unknown}
Comestibles
 f - 2 rations


   Skills:
 - Level 1.0 Fighting
 - Level 1.0 Short Blades
 - Level 2.0 Dodging
 + Level 3.1 Stealth
 - Level 3.2 Evocations


You had one spell level left.
You didn't know any spells.
Your spell library was empty.

Dungeon Overview and Level Annotations

Branches:
Dungeon (2/15)

Altars:
Fedhas


Innate Abilities, Weirdness & Mutations

You cannot wear most types of armour.
You are very stealthy in the water. (Stealth+)
You are amphibious.
You can wear up to eight rings at the same time.
You can use your tentacles to constrict eight enemies at once.
Your skin changes colour to match your surroundings (Stealth+).
Your rubbery body absorbs attacks. (AC +1, EV +1)


Message History

You constrict the bat. The bat completely misses you.
The bat struggles to escape constriction.
The bat escapes!
You hit the bat.
You kill the bat!
You fall into a shaft and drop 1 floor!
The shaft crumbles and collapses.
An orc wizard comes into view. It is wielding a +0 dagger.
Evoke which item? (* to show all) (? for menu, Esc to quit)
Aiming: Random Effects
Press: ? - help, Shift-Dir - straight line, f - orc wizard
Aim: an orc wizard, wielding a +0 dagger and wearing a cursed -2 robe (asleep)
The orc wizard shouts!
The orc wizard seems to speed up.
You hear a shout! x2
An orc priest comes into view. It is wielding a +0 whip.
The orc wizard gestures at you while chanting.
The puff of frost hits you!
Ouch! That really hurt!
You die...

#.# #o#
#o# #.#
... #.#
#.#
##..###@#
........#
##..#####
#


You could see an orc priest and an orc wizard (fast).

Vanquished Creatures
  A dart slug (D:2)
  A bat (D:2)
  A goblin (D:1)
  A quokka (D:2)
  2 kobolds (D:2)
6 creatures vanquished.

Notes
Turn   | Place    | Note
-------+----------+-------------------------------------------
     0 | D:1      | Maedhros the Octopode Artificer began the quest for the
                  | Orb.
     0 | D:1      | Reached XP level 1. HP: 13/13 MP: 3/3
    48 | D:2      | Found a blossoming altar of Fedhas.
   110 | D:2      | Reached XP level 2. HP: 11/18 MP: 4/4
   127 | D:2      | You fall into a shaft and drop 1 floor!
   129 | D:3      | Killed from afar by an orc wizard

Illustrated notes

Levels and vault maps discovered:
D:1:      mushboom_english_gardens, layout_loops_corners, minivault_25,
          st_stairs_6, hex_tiny
D:2:      layout_rooms, fedhas_altar_3, first_ration
D:3:      layout_loops_ring, grunt_temple_overflow_holy_war,
          gammafunk_temple_overflow_arena, minivault_25

Skill      XL: |  1 |
---------------+----+-----
Stealth        | 3 |  3.1
Fighting       | |  1.0
Short Blades   | |  1.0
Dodging        | |  2.0
Evocations     | |  3.2

Action                   || total
-------------------------++-------
Melee: Short sword       ||    22
       Constrict         ||     5
       Tentacles         ||     2
Evoke: Wand              ||     1
  Use: Scroll            ||     1
 Stab: Sleeping          ||     1
Armor: Skin              ||     4
Dodge: Dodged            ||    19

Table legend:
 A = Non-vault XP
 B = Vault XP
 C = Vault XP percentage of total XP
 D = Non-vault monster count
 E = Vault monster count
 F = Vault count percentage of total count
                 A         B        C        D         E       F
            +---------+---------+-------+---------+---------+-------
      Total |      13 |       0 |   0.0 |       6 |       0 |   0.0
            +---------+---------+-------+---------+---------+-------
        D:1 |       2 |       0 |   0.0 |       1 |       0 |   0.0
        D:2 |      11 |       0 |   0.0 |       5 |       0 |   0.0
            +---------+---------+-------+---------+---------+-------
